 Dungeon Crawl Stone Soup version 0.31.0-32-g396128a36d (webtiles) character file.

Game seed: 7086078726739910838

21 Curundu the Chopper (level 2, -1/27 HPs)
             Began as a Minotaur Berserker on Mar 12, 2024.
             Was a Follower of Trog.
             Slain by a cerulean imp
             ... wielding a +1 spear
             ... summoned by Natasha
              (6 damage)
             ... on level 2 of the Dungeon.
             The game lasted 00:01:40 (949 turns).

Curundu the Chopper (Minotaur Berserker)             Turns: 949, Time: 00:01:40

Health: -1/27      AC:  0    Str: 21    XL:     2   Next: 62%
Magic:  1/1        EV: 19    Int:  4    God:    Trog [*.....]
Gold:   96         SH:  0    Dex: 14    Spells: 1/1 levels left

rFire   . . .        a - melded +0 hand axe
rCold   . . .        (shield currently unavailable)
rNeg    . . .        b - melded +0 animal skin
rPois   .            (helmet currently unavailable)
rElec   .            (cloak currently unavailable)
rCorr   .            (gloves currently unavailable)
SInv    .            g - melded +0 pair of boots
Will    .....        (no amulet)
Stlth   +            (ring currently unavailable)
HPRegen 0.24/turn    (ring currently unavailable)
MPRegen 0.07/turn

%: no passive effects
@: bat-form, flying, slowed, quick
A: fast, flying, no casting, tiny, (horns 2), (retaliatory headbutt)
a: Renounce Religion, Berserk


You were on level 2 of the Dungeon.
You worshipped Trog.
Trog was aware of your devotion.
You were a bat.
You visited 1 branch of the dungeon, and saw 2 of its levels.

You collected 96 gold pieces.

Inventory:

Hand Weapons
 a - a +0 hand axe (melded)
Armour
 b - a +0 animal skin (melded)
 g - a +0 pair of boots (melded)
Scrolls
 c - 3 scrolls of teleportation {unknown}
 f - a scroll of enchant weapon {unknown}
Potions
 d - a potion of attraction {unknown}
 e - a potion of mutation {unknown}


   Skills:
 + Level 4.1 Fighting
 + Level 4.2 Axes
 + Level 2.5 Armour
 + Level 2.4 Dodging


You had one spell level left.
You didn't know any spells.
Your spell library was empty.

Dungeon Overview and Level Annotations

Branches:
Dungeon (2/15)

Altars:

Annotations:
D:2 Natasha


Innate Abilities, Weirdness & Mutations

You are a bat.
You are tiny and dextrous.
You move quickly.
You are flying.
Your equipment is almost entirely melded.
You are incapable of wielding weapons or throwing items.
You cannot cast spells.
((You have a pair of horns on your head.))
((You reflexively headbutt those who attack you in melee.))


Message History

Your +0 animal skin melds into your body.
An endoplasm comes into view.
You closely miss Natasha. Natasha misses you.
You hit Natasha but do no damage.
The endoplasm quivers.
Natasha closely misses you.
You barely miss Natasha. Natasha claws you!
You fail to use your ability.
Natasha misses you.
You barely miss Natasha.
Natasha mumbles some strange words.
You barely miss Natasha. Natasha barely misses you.
You hit Natasha.
Natasha is lightly wounded.
The cerulean imp barely misses you.
Natasha stares at you and mumbles some strange words.
You resist with significant effort. The endoplasm misses you.
You miss Natasha.
Natasha is lightly wounded.
The cerulean imp hits you from afar with a +1 spear.
Natasha casts a spell at you.
You feel yourself slow down. The endoplasm completely misses you.
You closely miss Natasha.
Natasha is lightly wounded.
The cerulean imp misses you. Natasha completely misses you.
The endoplasm misses you. The cerulean imp barely misses you.
You barely miss Natasha.
Natasha is lightly wounded.
Natasha claws you. The endoplasm hits you. The cerulean imp misses you.
Natasha closely misses you.
You hit Natasha.
Natasha is lightly wounded.
The endoplasm freezes you.
You are frozen.
* * * LOW HITPOINT WARNING * * *
The cerulean imp misses you. Natasha barely misses you. The endoplasm hits you.
* * * LOW HITPOINT WARNING * * *
The cerulean imp misses you.
A ball python comes into view.
The cerulean imp hits you from afar with a +1 spear.
You die...

......> #....# .......
#....#### ## .......
#...........
.......#####....####.# #
.......#.............#..
#..S.†.............
#......##...5......
###.#......J.......
...#.##..bh.......
#####.##....[......
........##...........
####............$....
#.######....###### #.
#..#.. # #..##.# #..# ..


You could see Natasha, a cerulean imp (summoned), an endoplasm and a ball python
(wandering).

Vanquished Creatures
  2 ball pythons
  An endoplasm (D:1)
  3 giant cockroaches
  3 goblins (D:1)
  2 hobgoblins (D:1)
  A kobold (D:1)
  2 quokkas
  2 frilled lizards (D:1)
  A rat (D:1)
17 creatures vanquished.

Notes
Turn   | Place    | Note
-------+----------+-------------------------------------------
     0 | D:1      | Curundu the Minotaur Berserker began the quest for the Orb.
     0 | D:1      | Reached XP level 1. HP: 19/19 MP: 0/0
   244 | D:1      | Reached XP level 2. HP: 27/27 MP: 1/1
   931 | D:2      | Noticed Natasha
   949 | D:2      | Slain by a cerulean imp

Illustrated notes

Levels and vault maps discovered:
D:1:      psy_arrival_dodecagon, layout_basic
D:2:      minmay_inner_zag, layout_basic, uniq_natasha, uniq_crazy_yiuf_cottage

Skill      XL: |  1  2 |
---------------+-------+-----
Fighting       | 4 |  4.1
Axes           | 4 |  4.2
Armour         | |  2.5
Dodging        | |  2.4

Action                     || total
---------------------------++-------
  Melee: Hand axe          ||    57
         Headbutt          ||     5
         Unarmed           ||    10
 Armour: Animal skin       ||    35
         Skin              ||     6
  Dodge: Dodged            ||    53
